 Dungeon Crawl Stone Soup version 0.26.0-15-gc6cd9f7 (webtiles) character file.

Game seed: 2117184172125415291

320 brinewave the Slasher (level 6, -5/58 HPs)
             Began as a Minotaur Monk on Jan 24, 2021.
             Killed by nerve-wracking pain
             ... invoked by an orc priest
              (6 damage)
             ... on level 4 of the Dungeon.
             The game lasted 00:09:20 (3163 turns).

brinewave the Slasher (Minotaur Monk)               Turns: 3163, Time: 00:09:21

Health: -5/58      AC:  3    Str: 15    XL:     6   Next: 22%
Magic:  5/5        EV: 13    Int:  7    God:
Gold:   124        SH:  0    Dex: 15    Spells: 5/5 levels left

rFire    . . .     SeeInvis .   a - +0 falchion
rCold    . . .     Faith    .   (no shield)
rNeg     . . .     Spirit   .   n - +0 leather armour
rPois    .         Reflect  .   (helmet restricted)
rElec    .         Harm     .   (no cloak)
rCorr    .         Rampage  .   (no gloves)
Will     .....                  (no boots)
Stlth    +.........             (no amulet)
HPRegen  0.19/turn              (no ring)
MPRegen  0.09/turn              (no ring)

@: confused
A: retaliatory headbutt, horns 2
a: no special abilities


You were on level 4 of the Dungeon.
You visited 1 branch of the dungeon, and saw 4 of its levels.

You collected 124 gold pieces.

Inventory:

Hand Weapons
 a - a +0 falchion (weapon)
 k - a +0 shortbow
 m - a +2 short sword of draining
Missiles
 e - 23 sling bullets
 i - 35 arrows
 t - 47 poisoned darts (quivered)
Armour
 b - a +0 robe
 g - a +0 ring mail
 n - a +0 leather armour (worn)
 p - a scarf of harm
Jewellery
 c - an uncursed amulet of faith {unknown}
 r - an uncursed ring of fire {unknown}
Wands
 s - a wand of digging (3)
Scrolls
 w - a scroll of fog
Potions
 f - 2 potions of curing {unknown}
 h - 2 potions of haste
 j - a potion of invisibility {unknown}
 l - a potion of magic {unknown}
 o - 2 potions of mutation
 q - 2 potions of heal wounds
 u - a potion of might {unknown}
 v - 2 potions of brilliance {unknown}


   Skills:
 + Level 6.5 Fighting
 + Level 6.5 Long Blades
 - Level 3.2 Dodging
 - Level 1.5 Stealth


You had 5 spell levels left.
You didn't know any spells.
Your spell library was empty.

Dungeon Overview and Level Annotations

Branches:
Dungeon (4/15)
 Temple: D:4-7

Altars:

Annotations:
D:3 Sigmund


Innate Abilities, Weirdness & Mutations

You reflexively headbutt those who attack you in melee.
You have a pair of horns on your head.


Message History

You are confused.
You hit the orc wizard. You headbutt the orc wizard!
The orc wizard is almost dead.
The orc priest hits you from afar with a +2 trident of freezing!
The orc priest freezes you.
* * * LOW HITPOINT WARNING * * *
The orc wizard gestures at you while chanting.
You resist with some effort.
You bump into the rock wall.
The orc wizard hits you with a +0 dagger.
* * * LOW HITPOINT WARNING * * *
The orc priest misses you.
You bump into the rock wall.
The orc wizard hits you but does no damage.
The orc priest calls down the wrath of Beogh upon you.
Beogh smites you!
* * * LOW HITPOINT WARNING * * *
The orc priest mumbles some strange prayers to Beogh against you.
Pain shoots through your body!
You die...

.<...$. .....#
....# ....# ...
. ####.# ..
#o)o.##..#
#######.###...#
#.......@o..###
#..........##
#.......<.!#
#..........#
#..........#
############


You could see an orc priest and an orc wizard.

Vanquished Creatures
  A centaur (D:2)
  A bullfrog zombie (D:3)
  An orc priest (D:4)
  Natasha (thrice) (D:1)
  3 adders
  An ufetubus (D:2)
  4 worms
  2 dart slugs
  3 leopard geckos
  3 orcs (D:4)
  2 ball pythons
  4 bats
  2 giant cockroaches (D:1)
  5 goblins
  10 hobgoblins
  2 jackals (D:1)
  A quokka (D:2)
  A frilled lizard (D:3)
  4 kobolds
  5 rats
58 creatures vanquished.

Notes
Turn   | Place    | Note
-------+----------+-------------------------------------------
     0 | D:1      | brinewave the Minotaur Monk began the quest for the Orb.
     0 | D:1      | Reached XP level 1. HP: 19/19 MP: 0/0
    59 | D:1      | Reached XP level 2. HP: 6/27 MP: 1/1
  1037 | D:1      | Reached XP level 3. HP: 34/34 MP: 2/2
  1350 | D:2      | Noticed a centaur
  1364 | D:2      | Killed a centaur
  1365 | D:2      | Reached skill level 5 in Fighting
  1365 | D:2      | Reached skill level 5 in Long Blades
  1365 | D:2      | Reached XP level 4. HP: 32/42 MP: 3/3
  1651 | D:2      | Reached XP level 5. HP: 43/48 MP: 4/4
  1701 | D:2      | Noticed Natasha
  1723 | D:1      | Killed Natasha
  2327 | D:1      | Noticed Natasha
  2335 | D:1      | Killed Natasha
  2528 | D:1      | Noticed Natasha
  2535 | D:1      | Killed Natasha
  2674 | D:3      | Reached XP level 6. HP: 31/57 MP: 5/5
  3101 | D:3      | Noticed Sigmund
  3162 | D:4      | HP: 1/58 [orc priest/divine providence (13)]
  3163 | D:4      | Killed from afar by an orc priest

Illustrated notes

Levels and vault maps discovered:
D:1:      eino_arrival_cavern_a, layout_basic, minivault_5
D:2:      layout_basic, uniq_natasha
D:3:      layout_basic, uniq_sigmund
D:4:      layout_rooms, item_on_display_a, uniq_eustachio, uniq_pikel

Skill      XL: |  1  2  3  4  5 |
---------------+----------------+-----
Fighting       | 4 5 6 |  6.5
Long Blades    | 4 5 6 |  6.5
Dodging        | |  3.2
Stealth        | |  1.5

Action                   |  1- 3 |  4- 6 || total
-------------------------+-------+-------++-------
Melee: Falchion          |    46 |    96 ||   142
       Headbutt          |    13 |    26 ||    39
  Use: Scroll            |     5 |     2 ||     7
 Stab: Sleeping          |     1 |       ||     1
       Distracted        |       |     1 ||     1
Armor: Robe              |    11 |       ||    11
       Leather armour    |       |    18 ||    18
Dodge: Dodged            |    39 |    73 ||   112
       Rpst.: Falchion   |    12 |    14 ||    26
